 Dungeon Crawl Stone Soup version 0.28.0 (webtiles) character file.

Game seed: 10049683411631625368

4 Minsecho the Chiller (level 1, 0/13 HPs)
             Began as a Merfolk Ice Elementalist on Feb 6, 2022.
             Slain by a kobold (3 damage)
             ... on level 1 of the Dungeon.
             The game lasted 00:00:25 (100 turns).

Minsecho the Chiller (Merfolk Ice Elementalist)      Turns: 100, Time: 00:00:26

Health: 0/13       AC:  2    Str:  8    XL:     1   Next: 70%
Magic:  1/3        EV: 12    Int: 14    God:
Gold:   0          SH:  0    Dex: 14    Spells: 3/4 levels left

rFire   . . .      SeeInvis .   c - staff of poison
rCold   . . .      Faith    .   (no shield)
rNeg    . . .      Spirit   .   a - +0 robe
rPois   +          Reflect  .   (no helmet)
rElec   .          Harm     .   (no cloak)
rCorr   .          Rampage  .   (no gloves)
Will    .....                   (no boots)
Stlth   ++........              (no amulet)
HPRegen 0.04/turn               (no ring)
MPRegen 0.08/turn               (no ring)

@: no status effects
A: (nimble swimmer 2), mertail
a: no special abilities


You were on level 1 of the Dungeon.
You visited 1 branch of the dungeon, and saw 1 of its levels.

Inventory:

Armour
 a - a +0 robe (worn)
Magical Staves
 c - a staff of poison (weapon)
Scrolls
 b - a scroll of blinking {unknown}


   Skills:
 + Level 2.8 Dodging
 + Level 2.1 Stealth
 + Level 2.0 Spellcasting
 + Level 4.6 Ice Magic


You had 3 spell levels left.
You knew the following spells:

 Your Spells              Type           Power      Damage    Failure   Level
a - Freeze                Ice            56%        1d7       3%          1

Your spell library contained the following spells:

 Spells                   Type           Power      Damage    Failure   Level
 Frozen Ramparts          Ice            28%        1d4       11%         3
 Ozocubu's Armour         Ice            14%        N/A       11%         3
 Hailstorm                Conj/Ice       7%         3d4       67%         4


Dungeon Overview and Level Annotations

Branches:
Dungeon (1/15)

Altars:


Innate Abilities, Weirdness & Mutations

((You are very nimble when in or above water. (Stealth+, EV+, Speed+++)))
Your lower body shifts to a powerful aquatic tail in water.


Message History

The bat barely misses you.
You closely miss the kobold. The kobold closely misses you.
The bat barely misses you. The kobold misses you.
You hit the bat.
The bat is severely wounded.
The bat hits you. The bat barely misses you. The kobold misses you.
You freeze the bat!
You kill the bat!
The kobold hits you with a +0 club. The frilled lizard bites you.
You hit the frilled lizard.
You kill the frilled lizard!
The kobold closely misses you.
A rat comes into view.
The kobold throws a stone.
The stone closely misses you. The kobold barely misses you.
You hit the kobold but do no damage. The kobold hits you with a +0 club.
You hit the kobold but do no damage. The kobold hits you but does no damage.
You hit the kobold.
The kobold is heavily wounded.
The kobold hits you but does no damage. The kobold barely misses you.
You hit the kobold but do no damage.
The kobold is heavily wounded.
The kobold hits you but does no damage.
You closely miss the kobold. You punch the kobold.
The kobold is severely wounded.
The kobold hits you but does no damage.
You hit the kobold but do no damage.
The kobold is severely wounded.
The kobold hits you with a +0 club.
You are too injured to fight recklessly!
You are too injured to fight recklessly!
You miss the kobold.
The kobold is severely wounded.
The kobold closely misses you.
You hit the kobold but do no damage.
The kobold is severely wounded.
The kobold hits you with a +0 club.
* * * LOW HITPOINT WARNING * * *
The kobold hits you with a +0 club.
You die...

#. ... #.# #.## r ...
.... .. ####.##..###.
............
#.........#
#......†rK#
#.......@.#
..####.#..#
#####.#..######. ..
..................
...##..####.)#.##.###.
..................#
.......#####.#.#.###
...)....##..........
........##.#.)...###


You could see a kobold and a rat.

Vanquished Creatures
  A hobgoblin (D:1)
  2 bats (D:1)
  A frilled lizard (D:1)
  2 kobolds (D:1)
6 creatures vanquished.

Notes
Turn   | Place    | Note
-------+----------+-------------------------------------------
     0 | D:1      | Minsecho the Merfolk Ice Elementalist began the quest for
                  | the Orb.
     0 | D:1      | Reached XP level 1. HP: 13/13 MP: 3/3
   100 | D:1      | Slain by a kobold

Illustrated notes

Levels and vault maps discovered:
D:1:      dpeg_arrival_signposts, layout_rooms,
          hellmonk_ecumenical_altar_inner_sanctum

Action                   || total
-------------------------++-------
Melee: Staff             ||    15
       Punch             ||     1
 Cast: Freeze            ||     7
Armor: Robe              ||    10
Dodge: Dodged            ||    22
